 Dungeon Crawl Stone Soup version 0.21-a0-496-g696f58f (webtiles) character file.

86 exp172 the Vandal (level 4, -4/29 HPs)
             Began as a Halfling Hunter on Nov 23, 2017.
             Slain by Sigmund
             ... wielding a cursed -1 scythe
              (7 damage)
             ... on level 2 of the Dungeon.
             The game lasted 00:13:52 (1466 turns).

exp172 the Vandal (Halfling Hunter)                 Turns: 1466, Time: 00:13:53

Health: -4/29      AC:  3    Str: 13    XL:     4   Next: 78%
Magic:  4/4        EV: 14    Int:  9    God:
Gold:   138        SH:  0    Dex: 15    Spells: 3/3 levels left

rFire    . . .     SeeInvis .   b - +0 short sword
rCold    . . .     Gourm    .   (shield restricted)
rNeg     . . .     Faith    .   c - +0 leather armour
rPois    +         Spirit   .   (no helmet)
rElec    .         Reflect  .   (no cloak)
rCorr    .         Harm     .   (no gloves)
MR       .....                  (no boots)
Stlth    +.........             (no amulet)
HPRegen  0.09/turn              p - ring of poison resistance
MPRegen  0.09/turn              (no ring)

@: confused
A: small, mutation resistance 1
a: no special abilities


You were on level 2 of the Dungeon.
You were hungry.

You visited 1 branch of the dungeon, and saw 2 of its levels.

You collected 138 gold pieces.

Inventory:

Hand Weapons
 a - a +1 hunting sling
 b - a +0 short sword (weapon)
Missiles
 d - 21 sling bullets
 i - 83 stones (quivered)
 r - 11 bolts
Armour
 c - a +0 leather armour (worn)
Jewellery
 p - a ring of poison resistance (left hand)
Scrolls
 e - a scroll of random uselessness {unknown}
 h - a scroll of fog {unknown}
 k - a scroll of enchant armour {unknown}
 l - 2 scrolls of amnesia {unknown}
 o - a scroll of fear {unknown}
Potions
 j - 2 potions of curing {unknown}
 n - a potion of haste {unknown}
Comestibles
 f - 2 bread rations
 g - a meat ration
 m - a royal jelly
 q - 4 fruits


   Skills:
 + Level 1.8 Fighting
 + Level 1.1 Short Blades
 * Level 7.6 Slings
 + Level 0.7 Armour
 + Level 2.3 Dodging
 * Level 2.0 Stealth


You had 3 spell levels left.
You didn't know any spells.

Dungeon Overview and Level Annotations

Branches:
Dungeon (2/15)

Altars:
Elyvilon
Okawaru
Wu Jian
Yredelemnul

Annotations:
D:2 Sigmund


Innate Abilities, Weirdness & Mutations

You are small and have problems with some larger weapons.
You are somewhat resistant to further mutation.


Message History

You shoot a sling bullet. Something hits you but does no damage.
Press: ? - help, v - describe, . - travel, g - get item A dagger.
There is something else lying underneath.
The floor, spattered with blood.
Wield which item (- for none, * to show all)? (? for menu, Esc to quit)
b - a +0 short sword (weapon)
You hear some strange, mumbled words.
A magic dart appears from out of thin air!
The magic dart hits you!
* * * LOW HITPOINT WARNING * * *
You are feeling hungry.
You closely miss something.
You hear some strange, mumbled words.
You are confused.
You're too confused to move!
Something hits you.
* * * LOW HITPOINT WARNING * * *
You're too confused to move!
You miss something. Something hits you!
You die...

.....♣#.......#############..####
.....♣#........### #..#
.....♣#........#.##########..##
....♣♣#........#..............#
....♣##........#.##########......
....♣#.........#.# #..##..
...♣##.........#.# ..## #.
♣♣♣♣#....).....#.# ..# #
#####..........#@# ..#
...............#{# ...#
...###.........#.## .# ...#
##...........##### .. ..##
##...........##.# ..
..######..#..###.#....# .#
..........##.#?#(##>[.#..#...
####......##.###(.........._.
###.##...........(.#.#....


There were no monsters in sight!

Vanquished Creatures
  Natasha (D:2)
  2 adders (D:2)
  An ooze (D:2)
  A worm (D:2)
  2 dart slugs (D:2)
  A giant cockroach (D:2)
  2 goblins
  5 hobgoblins
  4 jackals (D:1)
  5 bats
  4 kobolds
  8 rats
36 creatures vanquished.

Notes
Turn   | Place    | Note
-------+----------+-------------------------------------------
     0 | D:1      | exp172 the Halfling Hunter began the quest for the Orb.
     0 | D:1      | Reached XP level 1. HP: 14/14 MP: 1/1
   102 | D:1      | Reached skill level 6 in Slings
   381 | D:1      | Reached XP level 2. HP: 17/19 MP: 2/2
   658 | D:1      | Reached XP level 3. HP: 24/24 MP: 3/3
   819 | D:2      | Found an ornate altar of the Wu Jian Council.
   850 | D:2      | Reached skill level 7 in Slings
  1147 | D:2      | Found a basalt altar of Yredelemnul.
  1213 | D:2      | Found a white marble altar of Elyvilon.
  1247 | D:2      | Noticed Natasha
  1253 | D:2      | Killed Natasha
  1253 | D:2      | Reached skill level 1 in Short Blades
  1253 | D:2      | Reached XP level 4. HP: 23/29 MP: 4/4
  1437 | D:2      | Found an iron altar of Okawaru.
  1439 | D:2      | Noticed Sigmund
  1466 | D:2      | Slain by Sigmund

Vault maps used:
D:1:      nagdon_arrival_zigzag_paths, hangedman_abyss_or_decor_lesser_grid
D:2:      kennysheep_ying_yang, nicolae_overflow_crystal_walls,
          old_standard_altar, chequers_ecumenical_altar_lobes,
          item_on_display_a, uniq_sigmund, uniq_natasha

Skill      XL: |  1  2  3  4 |
---------------+-------------+-----
Slings         | 6 7 |  7.6
Short Blades   | 1 |  1.1
Stealth        | 2 |  2.0
Fighting       | |  1.8
Armour         | |  0.7
Dodging        | |  2.3

Action                   |  1- 3 |  4- 6 || total
-------------------------+-------+-------++-------
Melee: Short sword       |    23 |     2 ||    25
 Fire: Hunting sling     |    61 |    26 ||    87
  Use: Potion            |     1 |       ||     1
  Eat: Chunk             |     1 |       ||     1
Armor: Leather armour    |    13 |     2 ||    15
Dodge: Dodged            |    29 |     6 ||    35

Table legend:
 A = Spawn XP
 B = Non-spawn XP
 C = Spawn XP percentage of total XP
 D = Spawn monster count
 E = Non-spawn monster count
 F = Spawn count percentage of total count
 G = Total turns spent on level
                    A         B        C        D         E        F      G
               +---------+---------+-------+---------+---------+-------+---------
         Total |       0 |     124 |   0.0 |       0 |      36 |   0.0 |  1466
               +---------+---------+-------+---------+---------+-------+---------
           D:1 |       0 |      30 |   0.0 |       0 |      21 |   0.0 |   819
           D:2 |       0 |      94 |   0.0 |       0 |      15 |   0.0 |   647
               +---------+---------+-------+---------+---------+-------+---------
